Map: Discordance EC

Players

Chillty

  • Race: Terran Terran
  • League: Diamond
  • Spawn Location: 7:00

Sorandom - Winner!

  • Race: Zerg Zerg
  • League: Diamond
  • Spawn Location: 1:00

VOD

Have the link to the VOD?

Description

Time

  • Played on: April 6, 2019, 5:24 p.m.
  • Length: 19:25
Show
View Real Time Build Order
Export as new Build Order

Chillty Terran 

Build Orders: Reaper Expand, Mech 

Get SALT Encoding   

  12  0:01  SCV  
  13  0:13  SCV  
  14  0:17  Supply Depot  
  14  0:25  SCV  
  15  0:39  SCV  
  15  0:41  Barracks  
  16  0:51  SCV, Refinery  
  17  1:06  SCV  
  18  1:19  SCV  
  19  1:31  Orbital Command  
  19  1:37  Reaper  
  20  1:53  Command Center  
  20  1:58  SCV  
  21  2:01  Refinery  
  21  2:06  Supply Depot  
  21  2:21  Factory  
  21  2:28  Marine  
  22  2:34  SCV  
  22  2:46  SCV  
  22  2:47  Barracks Reactor  
  23  2:58  SCV  
  24  3:08  Supply Depot  
  24  3:10  SCV  
  25  3:22  SCV  
  26  3:35  Hellion x2  
  26  3:39  SCV  
  31  3:46  Starport  
  31  3:48  Factory  
  31  3:51  SCV  
  32  3:56  Hellion  
  32  3:57  Hellion  
  36  4:03  SCV  
  32  4:15  SCV  
  33  4:18  Hellion x2  
  33  4:21  Liberator  
  36  4:32  Supply Depot  
  36  4:35  Factory Tech Lab  
  36  4:39  Hellion  
  41  4:47  SCV  
  41  4:48  Supply Depot  
  42  4:55  Barracks Tech Lab  
  42  4:57  Armory  
  42  4:59  SCV  
  43  5:00  Orbital Command  
  43  5:03  Hellion  
  43  5:04  Widow Mine  
  47  5:21  Viking  
  44  5:34  Hellion x2  
  39  5:55  Hellion x2, SCV  
  39  5:56  SCV  
  43  6:08  SCV  
  43  6:09  Orbital Command  
  45  6:20  SCV  
  44  6:32  SCV  
  39  6:35  SCV  
  40  6:44  SCV  
  41  6:47  SCV, Liberator  
  41  6:51  Hellion x2  
  46  6:56  SCV  
  46  6:59  SCV  
  46  7:00  Siege Tank  
  51  7:06  Factory  
  55  7:08  SCV  
  55  7:12  SCV  
  56  7:17  Refinery  
  56  7:19  Refinery  
  56  7:20  SCV  
  57  7:24  SCV  
  57  7:27  Barracks Tech Lab  
  58  7:32  SCV  
  58  7:36  SCV  
  60  7:41  Supply Depot  
  60  7:42  Supply Depot  
  60  7:44  Supply Depot, SCV  
  60  7:47  Supply Depot  
  61  7:59  Terran Vehicle Weapons Level 1  
  61  8:00  Supply Depot x2  
  61  8:01  Armory  
  61  8:02  Siege Tank, Thor  
  61  8:04  SCV x2  
  72  8:09  Supply Depot  
  72  8:11  Supply Depot  
  72  8:16  SCV  
  72  8:17  Hellion x2  
  72  8:18  Infernal Pre-Igniter  
  77  8:39  Command Center  
  77  8:45  Siege Tank  
  80  8:51  Terran Vehicle And Ship Armor Level 1  
  72  9:14  Hellion x2  
  72  9:20  Thor  
  72  9:21  Thor  
  84  9:27  Engineering Bay  
  84  9:36  Widow Mine x2  
  85  9:41  Starport Reactor  
  85  9:51  Orbital Command  
  85  9:54  Factory  
  85  9:57  Widow Mine x2  
  85  9:58  Supply Depot  
  89  10:02  Liberator  
  89  10:04  Hellion x2  
  93  10:08  Missile Turret x2, Factory  
  93  10:09  Missile Turret  
  93  10:12  Missile Turret  
  93  10:14  Missile Turret  
  93  10:18  Hellion  
  98  10:27  Hellion x2  
  99  10:46  Missile Turret  
  97  10:56  Orbital Command  
  94  11:02  Liberator  
  94  11:05  Missile Turret  
  94  11:12  Siege Tank x2  
  94  11:13  Hellion x2  
  104  11:21  Factory Reactor  
  104  11:23  Factory Tech Lab  
  107  11:26  Factory  
  107  11:35  Hellion x2, Missile Turret, Sensor Tower  
  107  11:37  Supply Depot  
  107  11:39  Supply Depot  
  111  11:43  Refinery  
  111  11:44  Siege Tank x2  
  117  11:55  Sensor Tower  
  117  12:01  Hellion  
  117  12:02  Hellion x2  
  117  12:08  SCV x3  
  124  12:13  Refinery  
  126  12:16  Siege Tank  
  126  12:21  Hellion  
  131  12:23  Hellion x2  
  131  12:24  Factory Tech Lab  
  131  12:27  Terran Vehicle Weapons Level 2  
  131  12:29  Terran Vehicle And Ship Armor Level 2  
  135  12:41  SCV x3  
  138  12:53  SCV x3, Command Center  
  133  13:43  Viking x2, Siege Tank  
  134  13:50  SCV x3  
  133  14:08  Missile Turret  
  133  14:09  Missile Turret  
  132  14:10  Sensor Tower  
  132  14:13  Viking x2  
  138  14:17  Hellion x3, Siege Tank x3  
  138  14:18  Thor  
  155  14:35  Sensor Tower  
  155  14:38  Thor  
  155  14:40  Refinery  
  155  14:43  Viking x2  
  155  14:44  Refinery  
  165  14:47  Missile Turret x2  
  165  14:49  Thor  
  165  14:51  Hellion x4  
  179  14:57  Planetary Fortress  
  179  14:58  Hellion  
  179  14:59  Hellion x7  
  178  15:10  SCV, Sensor Tower  
  179  15:35  Viking  
  179  15:55  SCV  
  180  16:11  Hellion  
  180  16:12  SCV x2  
  146  16:41  Hellion x5  
  146  16:44  Hellion, Thor  
  146  16:45  Viking x2  
  126  17:02  Hellion x2, Thor x2  
  136  17:13  Thor x2  
  136  17:15  Viking x2  
  152  17:23  Hellion  
  152  17:24  Hellion  
  152  17:27  Thor  
  162  17:43  Missile Turret  
  162  17:44  Thor  
  162  17:45  Viking x2, Hellion, Thor  
  162  17:47  Missile Turret  
  179  18:03  Hellion  
  177  18:06  Hellion  
  179  18:16  Viking  
  179  18:17  Viking  
  179  18:46  Viking  
  179  18:47  Viking  
Show
View Real Time Build Order
Export as new Build Order

Sorandom Zerg - Winner!

Build Orders: Hatch First, Zergling Baneling 

Get SALT Encoding   

  12  0:02  Drone  
  13  0:12  Overlord  
  13  0:16  Drone  
  14  0:30  Drone x2  
  16  0:37  Drone  
  17  0:56  Hatchery  
  16  1:08  Spawning Pool  
  16  1:09  Extractor  
  14  1:12  Drone  
  14  1:16  Drone  
  16  1:21  Drone  
  17  1:31  Drone  
  18  1:36  Overlord  
  18  1:47  Drone  
  19  1:57  Queen  
  19  1:58  Zergling x2  
  22  2:07  Zergling x2  
  23  2:09  Zergling x2  
  23  2:13  Metabolic Boost  
  23  2:17  Drone  
  23  2:22  Queen  
  24  2:27  Drone  
  27  2:33  Drone x2  
  29  2:41  Drone x2  
  31  2:49  Overlord  
  31  2:52  Drone  
  32  3:19  Lair  
  32  3:21  Baneling Nest  
  32  3:24  Drone  
  32  3:27  Zergling x2  
  32  3:28  Zergling x10  
  32  3:31  Drone x3  
  32  3:34  Drone  
  42  3:41  Overlord  
  42  3:45  Drone  
  42  3:46  Drone  
  44  3:49  Spore Crawler  
  44  3:50  Spore Crawler  
  42  3:58  Extractor, Drone x2  
  40  4:24  Zergling x18  
  44  4:38  Zergling x4  
  45  4:40  Baneling x3  
  46  4:50  Zergling x4  
  48  4:56  Baneling  
  48  4:57  Baneling x5  
  48  4:59  Zergling x4  
  50  5:04  Queen  
  50  5:05  Hatchery  
  51  5:13  Overlord x5  
  43  5:32  Zergling x8  
  46  5:39  Zergling x2  
  46  5:41  Zergling x12  
  49  5:54  Drone x2  
  48  6:09  Drone x6  
  52  6:24  Drone x5  
  50  6:36  Extractor  
  50  6:38  Extractor  
  50  6:39  Drone x8  
  55  6:48  Spire  
  55  6:51  Evolution Chamber  
  55  6:52  Evolution Chamber  
  52  7:05  Overseer  
  52  7:11  Zergling x2  
  52  7:12  Zergling x24  
  65  7:16  Drone  
  65  7:19  Zerg Melee Weapons Level 1  
  65  7:20  Zerg Ground Armor Level 1  
  66  7:31  Drone x6  
  66  7:34  Baneling x5  
  66  7:35  Baneling x3  
  72  7:39  Zergling x2  
  73  7:46  Queen  
  73  7:48  Spore Crawler  
  74  7:54  Zergling x4  
  74  7:55  Zergling x12  
  82  8:00  Mutalisk  
  82  8:01  Zerg Flyer Armor Level 1  
  82  8:03  Drone x3  
  87  8:09  Extractor, Drone x3  
  87  8:10  Extractor  
  88  8:21  Overlord x4  
  88  8:31  Zergling x2  
  88  8:32  Overlord x3  
  88  8:33  Overlord x2  
  89  8:43  Mutalisk x3  
  89  8:44  Mutalisk  
  97  8:49  Mutalisk x2  
  95  9:19  Mutalisk x4  
  103  9:29  Drone x9  
  103  9:30  Drone x2  
  113  9:40  Zerg Melee Weapons Level 2  
  113  9:42  Drone x5  
  113  9:43  Hatchery  
  117  9:47  Drone  
  118  9:56  Drone  
  118  9:57  Mutalisk x2  
  123  10:03  Zerg Flyer Weapons Level 1  
  123  10:05  Zerg Ground Armor Level 2  
  123  10:21  Mutalisk  
  123  10:22  Mutalisk  
  123  10:23  Drone x6  
  123  10:24  Drone  
  134  10:38  Zergling x2  
  134  10:39  Zergling x12  
  139  10:58  Zergling x10  
  144  11:05  Centrifical Hooks  
  144  11:07  Infestation Pit  
  144  11:08  Drone x4  
  147  11:19  Drone x4  
  151  11:34  Mutalisk x6  
  163  11:41  Extractor, Baneling  
  163  11:42  Baneling x14  
  163  11:43  Zergling x6  
  163  11:44  Overlord  
  165  11:48  Spore Crawler  
  165  11:51  Mutalisk  
  166  11:56  Extractor, Drone x2  
  167  12:01  Overlord  
  167  12:02  Overlord x7  
  167  12:09  Hive  
  167  12:10  Zerg Flyer Weapons Level 2  
  167  12:27  Corruptor x3  
  173  12:38  Zergling x30  
  188  12:49  Zergling x2  
  188  12:50  Zergling x14  
  196  13:03  Hatchery  
  191  13:24  Corruptor x4  
  190  13:41  Corruptor x4  
  182  14:19  Zerg Melee Weapons Level 3  
  182  14:20  Zerg Ground Armor Level 3  
  182  14:37  Greater Spire  
  182  14:40  Hatchery  
  182  14:43  Ultralisk Cavern  
  180  15:16  Hydralisk Den, Baneling  
  180  15:17  Baneling x17  
  179  15:21  Corruptor  
  179  15:49  Brood Lord x10  
  199  15:52  Spore Crawler  
  199  15:53  Spore Crawler  
  199  15:54  Baneling x2, Spore Crawler  
  199  15:55  Baneling  
  199  15:56  Zergling x2  
  199  15:57  Zergling x4  
  185  16:24  Corruptor x5  
  187  16:37  Zergling x20  
  187  16:38  Corruptor x2  
  184  16:47  Zergling x2  
  174  17:01  Drone x5  
  174  17:02  Drone x3  
  182  17:12  Brood Lord  
  182  17:13  Brood Lord  
  182  17:14  Hatchery  
  185  17:20  Extractor  
  185  17:21  Extractor  
  183  17:27  Brood Lord x2  
  187  17:30  Baneling x3  
  187  17:37  Spore Crawler  
  187  17:39  Extractor  
  187  17:40  Spine Crawler x2  
  187  17:41  Extractor  
  187  17:43  Ultralisk  
  188  17:45  Zergling x2  
  188  17:46  Zergling x20  
  188  17:50  Hatchery  
  194  18:19  Drone  
  193  18:20  Drone x8  
  157  18:57  Zergling x14  
  157  18:58  Zergling x16  
Tags
 
Add a new tag
Caveats
  • Supply blocks, unpowered buildings, or Contaminate may cause inaccurate times.
  • Supply counts are checked every 10 seconds.